 Dungeon Sprint DCSS version 0.27-a0-1612-gde56a17b89 (webtiles) character file.

Game seed: 5704297580614960265

1470 night the Brawler (level 8, -1/74 HPs)
             Began as a Troll Monk on July 21, 2021.
             Was an Initiate of Gozag.
             Slain by a vampire mosquito (5 damage)
             ... in the Dungeon (Sprint IX: "|||||||||||||||||||||||||||||").
             The game lasted 00:02:59 (212 turns).

night the Brawler (Troll Monk)                       Turns: 212, Time: 00:03:00

Health: -1/74      AC:  5    Str: 21    XL:     8   Next: 49%
Magic:  7/7        EV: 10    Int: 13    God:    Gozag
Gold:   675        SH:  0    Dex: 12    Spells: 7/7 levels left

rFire    . . .     SeeInvis .     - Unarmed
rCold    . . .     Faith    .   (no shield)
rNeg     . . .     Spirit   .   a - +0 robe
rPois    .         Reflect  .   (helmet restricted)
rElec    .         Harm     .   i - +0 cloak
rCorr    .         Rampage  .   (gloves unavailable)
Will     .....     NoTele   +   (boots unavailable)
Stlth    ++........             (no amulet)
HPRegen  1.22/turn              j - +3 ring of intelligence
MPRegen  0.10/turn              k - +3 ring of intelligence

@: very slightly contaminated, invisible
A: large, unfitting armour, claws 3, regeneration 1, shaggy fur 1, tough skin 1
a: Renounce Religion, Potion Petition, Call Merchant, Bribe Branch


You were in the Dungeon.
You worshipped Gozag.
Gozag was pleased with you.
You visited 1 branch You collected 675 gold pieces.

Inventory:

Missiles
 d - 15 arrows
Armour
 a - a +0 robe (worn)
 i - a +0 cloak (worn)
Jewellery
 j - a +3 ring of intelligence (left claw)
 k - a +3 ring of intelligence (right claw)
Wands
 h - a wand of acid (9)
Scrolls
 g - 2 scrolls of blinking
Potions
 b - 5 potions of curing
 e - 4 potions of magic


   Skills:
 - Level 2.4 Fighting
 - Level 2.4 Dodging
 - Level 1.0 Stealth
 + Level 17.8 Unarmed Combat


You had 7 spell levels left.
You didn't know any spells.
Your spell library was empty.

Dungeon Overview and Level Annotations

Branches:
Dungeon (1/1)

Altars:
Cheibriados
Dithmenos
Elyvilon
Fedhas
Gozag
Hepliaklqana
Kikubaaqudgha
Makhleb
Nemelex Xobeh
Okawaru
Qazlal
Ru
Sif Muna
Trog
Uskayaw
Vehumet
Wu Jian
Xom
Yredelemnul
Zin
The Shining One
Beogh
Jiyva
Lugonu


Innate Abilities, Weirdness & Mutations

You are too large for most types of armour.
You have claws for hands.
Your natural rate of healing is unusually fast.
You are covered in fur. (AC +1)
You have tough skin. (AC +1)


Message History

There is a shimmering altar of Xom here.
There is an ornate altar of the Wu Jian Council here.
There is a radiant altar of Vehumet here.
There is a hide-covered altar of Uskayaw here.
There is a bloodstained altar of Trog here.
There is a shimmering blue altar of Sif Muna here.
There is a sacrificial altar of Ru here.
There is a stormy altar of Qazlal here.
There is an iron altar of Okawaru here.
There is a sparkling altar of Nemelex Xobeh here.
The vampire mosquito bites you.
* * * LOW HITPOINT WARNING * * *
The vampire mosquito draws strength from your injuries!
There is a burning altar of Makhleb here.
The vampire mosquito bites you.
* * * LOW HITPOINT WARNING * * *
The vampire mosquito draws strength from your injuries!
There is a corrupted altar of Lugonu here.
The vampire mosquito bites you!
* * * LOW HITPOINT WARNING * * *
The vampire mosquito draws strength from your injuries!
There is an ancient bone altar of Kikubaaqudgha, spattered with blood here.
The vampire mosquito buzzes angrily.
You scratch the vampire mosquito but do no damage.
The vampire mosquito closely misses you.
You miss the vampire mosquito. The vampire mosquito barely misses you.
You miss the vampire mosquito. The vampire mosquito bites you!
* * * LOW HITPOINT WARNING * * *
The vampire mosquito draws strength from your injuries!
You catch the helpless vampire mosquito completely off-guard!
You mangle the vampire mosquito!!
The vampire mosquito is almost destroyed.
The vampire mosquito bites you!
* * * LOW HITPOINT WARNING * * *
The vampire mosquito draws strength from your injuries!
You scratch the vampire mosquito but do no damage.
The vampire mosquito is severely damaged.
The vampire mosquito bites you.
You die...
Your body crumbles into a pile of gold.

▓_▓
$
▓D▓
$
▓_▓
$
▓_▓
$
▓y▓
$
▓_▓
$
▓_▓
▓y▓
$
▓@▓
$
▓_▓
$
▓_▓
$
▓_▓
$
▓_▓
$
▓_▓
$
▓_▓
$
▓_▓
$
▓_▓
$


You could see a four-headed hydra (wandering) and 2 vampire mosquitoes.

Vanquished Creatures
  A centaur warrior (D)
  A troll (D)
  A wyvern (D)
  A basilisk (D)
  An acid dragon (D)
  A centaur (D)
  A howler monkey (D)
  2 hounds (D)
  An orc priest (D)
  A white imp (D)
  An ufetubus (D)
  2 bats (D)
  An endoplasm (D)
  A hobgoblin (D)
  A jackal skeleton (D)
  A rat (D)
18 creatures vanquished.

Notes
Turn   | Place    | Note
-------+----------+-------------------------------------------
     0 | D        | night the Troll Monk began the quest for the Orb.
     0 | D        | Reached XP level 1. HP: 22/22 MP: 0/0
    11 | D        | Reached skill level 4 in Unarmed Combat
    20 | D        | Noticed a hound
    20 | D        | Noticed a hound
    22 | D        | Reached skill level 5 in Unarmed Combat
    22 | D        | Reached XP level 2. HP: 25/29 MP: 1/1
    23 | D        | Reached skill level 6 in Unarmed Combat
    27 | D        | Reached skill level 7 in Unarmed Combat
    27 | D        | Reached XP level 3. HP: 36/36 MP: 2/2
    29 | D        | Reached skill level 8 in Unarmed Combat
    29 | D        | Reached XP level 4. HP: 44/44 MP: 3/3
    36 | D        | Found a snail-covered altar of Cheibriados.
    36 | D        | Found a shadowy altar of Dithmenos.
    36 | D        | Found a white marble altar of Elyvilon.
    36 | D        | Found a blossoming altar of Fedhas.
    36 | D        | Found an opulent altar of Gozag.
    37 | D        | Found a hazy altar of Hepliaklqana.
    38 | D        | Found a viscous altar of Jiyva.
    39 | D        | Found an ancient bone altar of Kikubaaqudgha.
    40 | D        | Found a corrupted altar of Lugonu.
    41 | D        | Found a burning altar of Makhleb.
    42 | D        | Found a sparkling altar of Nemelex Xobeh.
    43 | D        | Found an iron altar of Okawaru.
    44 | D        | Became a worshipper of Gozag Ym Sagoz the Greedy
    45 | D        | Found a stormy altar of Qazlal.
    46 | D        | Found a sacrificial altar of Ru.
    47 | D        | Found a shimmering blue altar of Sif Muna.
    48 | D        | Found a bloodstained altar of Trog.
    49 | D        | Found a hide-covered altar of Uskayaw.
    50 | D        | Found a radiant altar of Vehumet.
    51 | D        | Found an ornate altar of the Wu Jian Council.
    52 | D        | Found a shimmering altar of Xom.
    53 | D        | Found a basalt altar of Yredelemnul.
    54 | D        | Found a glowing silver altar of Zin.
    55 | D        | Found a glowing golden altar of the Shining One.
    76 | D        | Noticed a centaur
    76 | D        | Noticed an acid dragon
    76 | D        | Noticed a troll
    76 | D        | Noticed a wyvern
   111 | D        | Killed a wyvern
   112 | D        | Reached skill level 12 in Unarmed Combat
   112 | D        | Reached XP level 5. HP: 29/50 MP: 4/4
   118 | D        | Killed a troll
   119 | D        | Reached skill level 14 in Unarmed Combat
   119 | D        | Reached XP level 6. HP: 40/59 MP: 5/5
   120 | D        | Killed an acid dragon
   121 | D        | Reached XP level 7. HP: 36/66 MP: 6/6
   124 | D        | Reached skill level 15 in Unarmed Combat
   151 | D        | Noticed a four-headed hydra
   151 | D        | Noticed a troll
   151 | D        | Noticed a vampire mosquito
   151 | D        | Noticed a vampire mosquito
   151 | D        | Noticed a centaur warrior
   151 | D        | Noticed a basilisk
   165 | D        | Killed a basilisk
   166 | D        | Reached skill level 16 in Unarmed Combat
   172 | D        | HP: 8/66 [centaur warrior (13)]
   173 | D        | Killed a centaur warrior
   174 | D        | Reached skill level 17 in Unarmed Combat
   174 | D        | Reached XP level 8. HP: 10/74 MP: 7/7
   190 | D        | HP: 9/74 [four-headed hydra (14)]
   210 | D        | HP: 9/74 [vampire mosquito (8)]
   211 | D        | HP: 3/74 [vampire mosquito (7)]
   212 | D        | Slain by a vampire mosquito

Illustrated notes

Levels and vault maps discovered:
D:        linesprint [early_d, line_temple, items_1, d_10, items_2, lair_1,
          lair_end, items_3, orc_1, orc_end, items_4, d_15, swamp_1, shoals_1,
          snake_1, spider_1, d_20, vaults_1, items_5, swamp_end, shoals_end,
          snake_end, spider_end, vaults_end, d_27, items_6, zot_1, zot_end,
          crypt_end, forest_end, elf_end, slime_end, tomb_end, abyss_end,
          pan_hell_end]

Skill      XL: |  1  2  3  4  5  6  7 |
---------------+----------------------+-----
Unarmed Combat | 5 7 8 12 14 17 | 17.8
Fighting       | |  2.4
Dodging        | |  2.4
Stealth        | |  1.0

Action                   |  1- 3 |  4- 6 |  7- 9 || total
-------------------------+-------+-------+-------++-------
Melee: Unarmed           |    17 |    18 |    18 ||    53
       Punch             |       |     2 |     1 ||     3
Evoke: Wand              |       |     1 |       ||     1
  Use: Potion            |       |     4 |     2 ||     6
 Stab: Invisible         |       |       |     1 ||     1
Armor: Robe              |     6 |     4 |     3 ||    13
Dodge: Dodged            |     8 |     7 |     7 ||    22

Table legend: (Time is in decaauts)
 A = Elapsed time spent in this place.
 B = Non-inter-level travel time spent in this place.
 C = Inter-level travel time spent in this place.
 D = Time resting spent in this place.
 E = Time spent auto-exploring this place.
 F = Levels seen in this place.
 G = Mean time per level.
                   A        B        C        D        E       F      G
               +--------+--------+--------+--------+--------+-----+--------+
         Total |    194 |    194 |      0 |      4 |     33 |   1 |  194.0 |
       Dungeon |    194 |    194 |      0 |      4 |     33 |   1 |  194.0 |
               +--------+--------+--------+--------+--------+-----+--------+

Top non-repeatable levels by time:
       D: 194 daAuts
